AoeStats
← Farofa de Pentelho

Black Forest

510258716Analyzed
4v4 RM · 2d ago on Sep 30, 2026· 43m 15s· 8 players
Game mode
Random Map
Map size
Large (8 player)
Population
200
Speed
Normal
Resources
Standard
Victory
Conquest
Starting age
Dark Age
Ending age
Imperial Age
RankedLock teamsTeams togetherTeam positionsShared explorationLock speedFull tech treeHidden civsTurbo modeCheats
Victory
Defeat
🇳🇿 Danes · New Zealand
1499
+13
🇨🇴 Celts · Colombia
1473
+14
🇺🇸 Bohemians · United States
1424
+16
🇺🇸 Persians · United States
1418
+16
1495
-19
🇧🇷 Danes · Brazil
1468
-16
🇨🇳 Persians · China
1388
-13
🇧🇷 Khmer · Brazil
1336
-11
el manuck
6:12 Loom
9:58 Feudal Age
10:33 Double-Bit Axe
11:58 Horse Collar
12:43 Scale Barding Armor
18:12 Forging
21:55 Castle Age
20:39 Gold Mining
22:43 Heavy Plow
22:53 Bow Saw
23:54 Wheelbarrow
36:09 Imperial Age
34:29 Iron Casting
34:47 Chain Barding Armor
34:32 Husbandry
37:24 Plate Barding Armor
38:01 Conscription
39:05 Bloodlines
39:12 Fletching
38:47 Light Cavalry
machpatel
0:32 Loom
11:36 Feudal Age
15:21 Castle Age
42:20 Wheelbarrow
41:43 Double-Bit Axe
41:38 Horse Collar
ImprovingYeti
3:08 Loom
11:26 Feudal Age
11:34 Man-at-Arms
15:00 Double-Bit Axe
16:55 Fishing Lines
21:09 Scale Mail Armor
21:58 Scale Mail Armor
24:12 Castle Age
22:41 Scale Mail Armor
22:54 Forging
23:34 Horse Collar
23:46 Gold Mining
24:32 Fletching
24:45 Gillnets
24:52 Long Swordsman
27:35 Chain Mail Armor
28:08 Squires
29:09 Iron Casting
28:54 Gambesons
30:29 Heavy Plow
30:48 Bow Saw
31:56 Wheelbarrow
32:21 Stone Mining
33:55 Gold Shaft Mining
33:55 Stone Shaft Mining
33:59 Hand Cart
37:57 Imperial Age
36:59 Hamask
39:36 Caravan
39:43 Elite Jomsviking
40:48 Conscription
41:01 Plate Mail Armor
41:31 Blast Furnace
42:13 Blast Furnace
42:47 Town Watch
ImPerez22
9:16 Loom
11:43 Feudal Age
15:30 Castle Age
13:48 Double-Bit Axe
15:39 Fishing Lines
16:26 Bow Saw
16:50 Gillnets
22:11 Horse Collar
22:24 Gold Mining
23:05 Heavy Plow
23:22 Stone Mining
25:17 Wheelbarrow
27:05 Scale Mail Armor
27:15 Forging
30:10 Imperial Age
29:10 Hand Cart
30:12 Chain Mail Armor
30:33 Iron Casting
30:15 Capped Ram
31:36 Conscription
33:33 Chemistry
32:26 Heavy Scorpion
34:04 Plate Mail Armor
34:41 Furor Celtica
34:23 Arson
36:08 Coinage
35:10 Elite Woad Raider
36:57 Banking
38:43 Blast Furnace
38:07 Siege Ram
42:11 Gold Shaft Mining
43:19 Caravan
Felinha
11:12 Feudal Age
15:10 Double-Bit Axe
15:15 Horse Collar
28:38 Gold Mining
29:43 Loom
34:13 Castle Age
37:31 Imperial Age
36:17 Wheelbarrow
36:45 Town Watch
38:17 Bow Saw
37:49 Onager
39:20 Conscription
39:33 Fortified Wall
Farofa de Pentelho
0:27 Loom
13:01 Feudal Age
19:29 Castle Age
18:01 Double-Bit Axe
18:25 Scale Mail Armor
18:36 Forging
18:57 Horse Collar
22:13 Iron Casting
21:54 Chain Mail Armor
25:19 Wheelbarrow
32:40 Hand Cart
33:20 Bow Saw
35:36 Fletching
征南大将军
11:41 Feudal Age
9:59 Loom
15:21 Castle Age
14:14 Bloodlines
14:04 Double-Bit Axe
15:55 Horse Collar
17:26 Husbandry
17:33 Gold Mining
19:58 Bow Saw
25:52 Scale Barding Armor
27:31 Forging
27:42 Chain Barding Armor
29:13 Gold Shaft Mining
30:25 Wheelbarrow
32:05 Heavy Plow
33:21 Hand Cart
34:24 Iron Casting
34:12 Chain Barding Armor
35:04 Stone Mining
36:05 Iron Casting
36:08 Town Watch
36:35 Fletching
37:23 Stone Shaft Mining
43:24 Imperial Age
40:55 Town Patrol
Yucatan_water_supremacy
0:35 Loom
10:11 Feudal Age
11:06 Town Watch
11:57 Fletching
26:38 Castle Age
27:34 Bodkin Arrow
28:20 Guard Tower
31:33 Double-Bit Axe
36:49 Wheelbarrow
Connection lost

Rejoining the realm…

Still unreachable

The connection could not be restored.

Session expired

The server has moved on; the page needs a fresh start.